 Dungeon Sprint DCSS version 0.30.1-9-gdf580d7c3d (webtiles) character file.

Game seed: 9368670333343400746

826 Heoruswealwe the Spear-Bearer (level 7, -3/73 HPs)
             Began as a Minotaur Fighter on Sept 25, 2023.
             Was an Initiate of Gozag.
             Killed from afar by an acid dragon (23 damage)
             ... with a splash of acid
             ... in the Dungeon (Sprint IX: "|||||||||||||||||||||||||||||").
             The game lasted 00:03:13 (157 turns).

Heoruswealwe the Spear-Bearer (Minotaur Fighter)     Turns: 157, Time: 00:03:13

Health: -3/73      AC: 14    Str: 22    XL:     7   Next: 64%
Magic:  6/6        EV:  8    Int:  5    God:    Gozag
Gold:   0          SH:  0    Dex: 10    Spells: 6/6 levels left

rFire   . . .        b - +2 halberd (venom)
rCold   . . .        (shield currently unavailable)
rNeg    . . .        c - +1 chain mail
rPois   .            (helmet restricted)
rElec   .            (no cloak)
rCorr   .            f - +0 pair of gloves
SInv    .            (no boots)
Will    .....        (no amulet) Stlth
                     (no ring)
HPRegen 0.32/turn    (no ring)
MPRegen 0.10/turn

%: no teleportation
@: gold aura
A: horns 2, retaliatory headbutt
a: Renounce Religion, Potion Petition, Call Merchant, Bribe Branch


You were in the Dungeon.
You worshipped Gozag.
Gozag was noncommittal.
You visited 1 branch

Inventory:

Hand Weapons
 a - a +0 trident
 b - a +2 halberd of venom (weapon)
Armour
 c - a +1 chain mail (worn)
 d - a +0 buckler
 f - a +0 pair of gloves (worn)
Wands
 k - a wand of roots (10)
Scrolls
 j - 2 scrolls of blinking
Potions
 e - 3 potions of curing
 g - a potion of haste
 h - a potion of invisibility
 i - a potion of berserk rage
 l - a potion of might


   Skills:
 + Level 10.7 Fighting
 * Level 14.2 Polearms
 + Level 10.7 Armour
 - Level 3.6 Shields


You had 6 spell levels left.
You didn't know any spells.
Your spell library was empty.

Dungeon Overview and Level Annotations

Branches:
Dungeon (1/1)

Altars:
Cheibriados
Dithmenos
Elyvilon
Fedhas
Gozag
Hepliaklqana
Kikubaaqudgha
Makhleb
Nemelex Xobeh
Okawaru
Qazlal
Ru
Sif Muna
Trog
Uskayaw
Vehumet
Wu Jian
Xom
Yredelemnul
Zin
The Shining One
Jiyva
Lugonu


Innate Abilities, Weirdness & Mutations

You have a pair of horns on your head.
You reflexively headbutt those who attack you in melee.


Message History

The hornet is no longer distracted by gold.
You headbutt the hornet!
The hornet is severely wounded.
The hornet stings you but does no damage.
The hornet stings you!
* * * LOW HITPOINT WARNING * * *
You feel as though you will be slow longer.
You slash the hornet!
The hornet looks as sick as possible!
You headbutt the hornet, but do no damage.
The hornet is almost dead.
You kill the hornet!
Your Polearms skill increases to level 14!
You feel much better.
Reach: b) +2 halberd (venom)
Press: ? - help, Dir - move target, f - yak
Aim: a yak (about 24% to evade your +2 halberd of venom)
You reach to attack!
You hit the yak but do no damage.
The yak is poisoned.
The yak is no longer distracted by gold.
You feel yourself speed up.
You barely miss the yak. Your headbutt misses the yak.
The yak is lightly wounded.
The yak gores you.
You barely miss the yak. You headbutt the yak.
The yak is lightly wounded.
The yak barely misses you.
You barely miss the yak. You headbutt the yak.
The yak is moderately wounded.
The yak gores you.
You hit the yak.
The yak looks as sick as possible!
The yak is heavily wounded.
You slash the yak!
The yak looks as sick as possible!
The yak is almost dead.
The yak gores you.
* * * LOW HITPOINT WARNING * * *
You puncture the yak!
You kill the yak!
The acid dragon spits acid at you. The splash of acid hits you!!
You die...
Your body crumbles into a pile of gold.

$
▓.▓
$
▓.▓
$ $
▓.▓
$
▓.▓
$
▓.▓
▓D▓
$
▓$▓
▓@▓
$
▓=▓
▓.▓
$
▓[▓
▓.▓
$
▓[▓
$
▓)▓
$
▓?▓
$
▓!▓


You could see an acid dragon (catching breath).

Vanquished Creatures
  A troll (D)
  A hornet (D)
  A wraith (D)
  A yak (D)
  An acid dragon (D)
  An ice beast (D)
  A hound (D)
  An ufetubus (D)
  2 dart slugs (D)
  An orc (D)
  An endoplasm (D)
  A hobgoblin (D)
  A kobold (D)
  A quokka (D)
15 creatures vanquished.

Notes
Turn   | Place    | Note
-------+----------+-------------------------------------------
     0 | D        | Heoruswealwe the Minotaur Fighter began the quest for the
                  | Orb.
     0 | D        | Reached XP level 1. HP: 19/19 MP: 0/0
     6 | D        | Reached skill level 3 in Polearms
    20 | D        | Reached skill level 4 in Polearms
    21 | D        | Reached XP level 2. HP: 25/28 MP: 1/1
    32 | D        | Noticed an ice beast
    39 | D        | Reached skill level 5 in Fighting
    39 | D        | Reached skill level 6 in Polearms
    39 | D        | Reached skill level 5 in Armour
    39 | D        | Reached XP level 3. HP: 34/36 MP: 2/2
    46 | D        | Killed an ice beast
    47 | D        | Reached skill level 8 in Polearms
    47 | D        | Reached XP level 4. HP: 29/45 MP: 3/3
    48 | D        | Reached XP level 5. HP: 34/52 MP: 4/4
    55 | D        | Found a snail-covered altar of Cheibriados.
    55 | D        | Found a shadowy altar of Dithmenos.
    55 | D        | Found a white marble altar of Elyvilon.
    55 | D        | Found a blossoming altar of Fedhas.
    55 | D        | Found an opulent altar of Gozag.
    56 | D        | Found a hazy altar of Hepliaklqana.
    57 | D        | Found a viscous altar of Jiyva.
    58 | D        | Found an ancient bone altar of Kikubaaqudgha.
    59 | D        | Found a corrupted altar of Lugonu.
    60 | D        | Found a burning altar of Makhleb.
    61 | D        | Found a sparkling altar of Nemelex Xobeh.
    62 | D        | Found an iron altar of Okawaru.
    63 | D        | Became a worshipper of Gozag Ym Sagoz the Greedy
    64 | D        | Found a stormy altar of Qazlal.
    65 | D        | Found a sacrificial altar of Ru.
    66 | D        | Found a shimmering blue altar of Sif Muna.
    67 | D        | Found a bloodstained altar of Trog.
    68 | D        | Found a hide-covered altar of Uskayaw.
    69 | D        | Found a radiant altar of Vehumet.
    70 | D        | Found an ornate altar of the Wu Jian Council.
    71 | D        | Found a shimmering altar of Xom.
    72 | D        | Found a basalt altar of Yredelemnul.
    73 | D        | Found a glowing silver altar of Zin.
    74 | D        | Found a glowing golden altar of the Shining One.
   125 | D        | Noticed an acid dragon
   125 | D        | Noticed a yak
   125 | D        | Noticed a hornet
   125 | D        | Noticed a troll
   125 | D        | Noticed a wraith
   125 | D        | Noticed an acid dragon
   132 | D        | Killed an acid dragon
   133 | D        | Reached skill level 10 in Polearms
   137 | D        | Killed a wraith
   138 | D        | Reached skill level 12 in Polearms
   138 | D        | Reached XP level 6. HP: 16/63 MP: 5/5
   142 | D        | Killed a troll
   143 | D        | Reached skill level 10 in Fighting
   143 | D        | Reached skill level 13 in Polearms
   143 | D        | Reached skill level 10 in Armour
   143 | D        | Reached XP level 7. HP: 16/72 MP: 6/6
   149 | D        | Killed a hornet
   150 | D        | Reached skill level 14 in Polearms
   157 | D        | Killed a yak
   157 | D        | Killed from afar by an acid dragon

Illustrated notes

Levels and vault maps discovered:
D:        linesprint [early_d, line_temple, items_1, d_10, items_2, lair_1,
          lair_end, items_3, orc_1, orc_end, items_4, d_15, swamp_1, shoals_1,
          snake_1, spider_1, d_20, vaults_1, items_5, swamp_end, shoals_end,
          snake_end, spider_end, vaults_end, d_27, items_6, zot_1, zot_end,
          crypt_end, forest_end, elf_end, slime_end, tomb_end, abyss_end,
          pan_hell_end]

Skill      XL: |  1  2  3  4  5  6  7 |
---------------+----------------------+-----
Polearms       | 4 6 8 12 13 14 | 14.2
Fighting       | 4 5 6 7 9 10 | 10.7
Armour         | 4 5 6 7 9 10 | 10.7
Shields        | |  3.6

Action                     |  1- 3 |  4- 6 |  7- 9 || total
---------------------------+-------+-------+-------++-------
  Melee: Trident           |    28 |     2 |       ||    30
         Headbutt          |     3 |     4 |     5 ||    12
         Halberd           |       |    16 |    11 ||    27
    Use: Potion            |       |     1 |     4 ||     5
 Armour: Scale mail        |     6 |       |       ||     6
         Chain mail        |       |    14 |     2 ||    16
  Dodge: Dodged            |    15 |     7 |     3 ||    25
  Block: Buckler           |     2 |       |       ||     2
